[Event "Live Chess"]
[Site "Chess.com"]
[Date "2024.06.01"]
[Round "-"]
[White "Larchikov"]
[Black "WilliamofOrange16th"]
[Result "0-1"]
[WhiteElo "2068"]
[BlackElo "1949"]
[TimeControl "300"]
[EndTime "11:01:59 PDT"]
[Termination "WilliamofOrange16th won by resignation"]

1. d4 d5 2. c4 c6 3. cxd5 cxd5 4. Nf3 Nf6 5. Nc3 Nc6 6. Bf4 a6 7. e3 Bf5 8. Bd3 Bxd3 9. Qxd3 e6 10. O-O Bd6 11. Ne5 O-O 12. Bg3 Nh5 13. f4 Nxg3 14. hxg3 f6 15. Nf3 Qe8 16. Rae1 Qh5 17. Kf2 g5 18. f5 Qg4 19. Ne2 Rad8 20. fxe6 Rde8 21. Rh1 Re7 22. Nh2 Qxe6 23. Nf3 Rg7 24. Rh6 Ne7 25. Reh1 Nf5 26. R6h5 Re8 27. Nc3 Bxg3+ 28.
Ke2 Bd6 29. Kd2 Qxe3+ 30. Qxe3 Nxe3 31. Kd3 b5 32. Re1 Rge7 33. a3 b4 34. axb4 Bxb4 35. Nd2 Bxc3 36. bxc3 Nxg2 37. Rxe7 Rxe7 38. Rh2 Nf4+ 39.
Kc2 Re2 40. Rh1 h5 41. Ra1 Re6 42. Rxa6 Rxa6 0-1

[Event "Live Chess"]
[Site "Chess.com"]
[Date "2024.06.01"]
[Round "-"]
[White "powerchs"]
[Black "Zhevzh1k7"]
[Result "1-0"]
[WhiteElo "1254"]
[BlackElo "1070"]
[TimeControl "300"]
[EndTime "11:02:01 PDT"]
[Termination "powerchs won by resignation"]

1. e4 c6 2. Nc3 d5 3. d4 dxe4 4. Nxe4 Bf5 5. Ng3 Bg6 6. Bd3 Bxd3 7. Qxd3 Nf6 8. Nf3 Qb6 9. O-O Nbd7 10. c3 e6 11. a4 Be7 12. a5 Qc7 13. Bg5 h6 14. Bxf6 Nxf6 15. Ne5 Nd5 16. a6 b6 17. Ra4 b5 18. Raa1 Bd6 19. Rfe1 f6 20. Ng6 Rg8 21.
Ne4 Bxh2+ 22. Kh1 Nf4 23. Nxf4 Qxf4 24. c4 f5 25. Nc3 Qd6 26. cxb5 cxb5 27. Qxb5+ Ke7 28.
Qb7+ Kf6 29. Ra5 Rgb8 30. Qf3 Rxb2 31. Rae5 Re8 32. Rxf5+ exf5 33. Rxe8 Bf4 34. g3 Bg5 35. Kg2 Rb3 36. Ne4+ Kg6 37. Nxd6 Rxf3 38. Kxf3 h5 39. Ra8 Be7 40. Nxf5 Kxf5 41. Rxa7 Bb4 42. Rxg7 Bf8 43. Rf7+ 1-0

[Event "Live Chess"]
[Site "Chess.com"]
[Date "2024.06.01"]
[Round "-"]
[White "MellowAesthetic"]
[Black "nigelst"]
[Result "1-0"]
[WhiteElo "2059"]
[BlackElo "1689"]
[TimeControl "300"]
[EndTime "11:02:03 PDT"]
[Termination "MellowAesthetic won by resignation"]

1. e4 c6 2. d4 d5 3. exd5 cxd5 4. c4 Nf6 5. Nc3 Nc6 6. Nf3 Bg4 7. cxd5 Nxd5 8. Qb3 Bxf3 9. gxf3 e6 10. Qxb7 Nxd4 11.
Bb5+ Nxb5 12. Qc6+ Ke7 13. Qxb5 Qd7 14. Nxd5+ Qxd5 15. Bg5+ f6 16. Qxd5 exd5 17. Be3 Ke6 18. O-O-O Rc8+ 19.
Kb1 Bc5 20. Rhe1 Rhe8 21. Bxc5+ Kd7 1-0

[Event "Live Chess"]
[Site "Chess.com"]
[Date "2024.06.01"]
[Round "-"]
[White "resipsa6"]
[Black "dl_chess"]
[Result "1-0"]
[WhiteElo "2036"]
[BlackElo "1171"]
[TimeControl "300"]
[EndTime "11:02:22 PDT"]
[Termination "resipsa6 won on time"]

1. d4 Nf6 2. c4 g6 3. Nc3 Bg7 4. Nf3 d6 5. e3 e5 6. dxe5 Ng4 7. exd6 cxd6 8. h3 Nf6 9. Bd3 O-O 10. O-O Nc6 11. a3 Be6 12. Nd4 Nxd4 13. exd4 Rc8 14. b3 a6 15. Bb2 d5 16. c5 b6 17. Na4 b5 18. Nb6 Rc7 19. a4 b4 20. f4 Nd7 21.
Nxd7 Qxd7 22. Qd2 a5 23. Rae1 Qd8 24. f5 Bd7 25. fxg6 fxg6 26. Rxf8+ Qxf8 27. Rf1 Qe7 28. Qf4 Rc8 29. Qf2 Rf8 30. Qe2 Rxf1+ 31. Kxf1 Qf6+ 32.
Qf2 Qxf2+ 33. Kxf2 Kf7 34. Bb5 Bc8 35. Bc6 Ke6 36.
Ke2 Bd7 37. Bb5 Bc8 38. Kd3 Kf5 39. Bc1 Bf6 40. g4+ Ke6 41. Bf4 Be7 42. Bc7 Bb7 43.
Bxa5 1-0

[Event "Live Chess"]
[Site "Chess.com"]
[Date "2024.06.01"]
[Round "-"]
[White "asingardenof"]
[Black "DoctorMantisTobogganMD"]
[Result "0-1"]
[WhiteElo "619"]
[BlackElo "2195"]
[TimeControl "300"]
[EndTime "11:02:37 PDT"]
[Termination "DoctorMantisTobogganMD won by checkmate"]

1. d4 Nf6 2. c4 Nc6 3. Nf3 e6 4.
g3 Bb4+ 5. Nc3 Qe7 6. Bg2 O-O 7. O-O Bxc3 8. bxc3 d6 9. c5 e5 10. e3 Bg4 11. Qc2 dxc5 12. dxe5 Nxe5 13. h3 Nxf3+ 14. Kh1 Bh5 15. g4 Bg6 16. Bxf3 Bxc2 17. Bxb7 Be4+ 18. Bxe4 Qxe4+ 19. f3 Qd3 20. g5 Qxc3 21. Rb1 Qd3 22. Kg2 Qxb1 23. Ba3 Qxa2+ 24. Rf2 Qxa3 25. Kg3 Qxe3 26. Kg2 Qxg5+ 27. Kf1 Rfe8 28. Rg2 Qe3 29. Rf2 Nh5 30. Kg2 Qg5+ 31. Kf1 Qg3 32. f4 Rab8 33.
Rg2 Re1# 0-1

[Event "Live Chess"]
[Site "Chess.com"]
[Date "2024.06.01"]
[Round "-"]
[White "Ninifu"]
[Black "sshamil"]
[Result "1-0"]
[WhiteElo "2027"]
[BlackElo "1682"]
[TimeControl "300"]
[EndTime "11:02:42 PDT"]
[Termination "Ninifu won by resignation"]

1. d4 g6 2. c4 Bg7 3. e4 d6 4. Nc3 Nf6 5. f4 O-O 6. Nf3 b6 7. Bd3 Bb7 8. O-O a5 9. e5 Nfd7 10. Be3 f6 11. e6 Nc5 12. dxc5 dxc5 13. Be4 Nc6 14. Qxd8 Raxd8 15. Rad1 f5 16. Bc2 Nd4 17. Bxd4 cxd4 18. Nd5 Bxd5 19. cxd5 Rxd5 20. Bb3 Rd6 21. Rd3 b5 22. a4 c6 23. Rfd1 Rfd8 24. Rc1 Bf6 25.
Rc5 Kf8 26. axb5 cxb5 27. Rxb5 Ra8 28. Rd5 a4 29. Rxd6 exd6 30. Bd5 Ra5 31. Ba2 Ke7 32. Nxd4 a3 33. Nc6+ 1-0

[Event "Live Chess"]
[Site "Chess.com"]
[Date "2024.06.01"]
[Round "-"]
[White "TigerTank70"]
[Black "grillage"]
[Result "1-0"]
[WhiteElo "2202"]
[BlackElo "1894"]
[TimeControl "300"]
[EndTime "11:02:43 PDT"]
[Termination "TigerTank70 won by resignation"]

1. e4 d5 2. exd5 Qxd5 3. d4 c6 4. Nf3 Bg4 5. Be2 Nf6 6. c4 Qd8 7. h3 Bxf3 8. Bxf3 e6 9. O-O Bd6 10. Nc3 O-O 11. Bg5 Nbd7 12. a3 Qc7 13. b4 Rfe8 14.
Qd2 Rad8 15. b5 c5 16. d5 e5 17. Ne4 Nxe4 18. Bxe4 f6 19. Bh4 Nf8 20. Qc2 Qf7 21. g4 Ng6 22. Bg3 Nf8 23. a4 b6 24. a5 Bc7 25. axb6 Bxb6 26. Rfd1 Rd6 27. f4 Ng6 28. fxe5 fxe5 29. Rf1 Qe7 30. Rf5 Rf8 31. Raf1 Rdf6 32. Rxf6 Rxf6 33. Bxg6 Rxg6 34. Qf5 e4 35. d6 Qd8 36. Qf7+ 1-0

[Event "Live Chess"]
[Site "Chess.com"]
[Date "2024.06.01"]
[Round "-"]
[White "Bob2pen"]
[Black "KyryloPoluliakh"]
[Result "0-1"]
[WhiteElo "1813"]
[BlackElo "1525"]
[TimeControl "300"]
[EndTime "11:02:44 PDT"]
[Termination "KyryloPoluliakh won by resignation"]

1. e4 c5 2. Nf3 Nc6 3. d4 cxd4 4. Nxd4 g6 5. c4 Bg7 6. Be3 Nf6 7. Nc3 O-O 8. f3 d6 9. Be2 Qb6 10. Qd2 a6 11.
Nf5 Qd8 12. Nxg7 Kxg7 13. Bh6+ Kg8 14. Bxf8 Qxf8 15. O-O Ne5 16. Nd5 Nxd5 17. cxd5 b5 18. Rfc1 Bb7 19. Rc7 Rb8 20. Rac1 Qd8 21. Qc3 Nc4 22.
Rxc4 bxc4 23. Qxc4 Rc8 24. Qxc8 Bxc8 25. b3 Qb6+ 26. Kf1 Bd7 27. Rc3 Bb5 28. Bxb5 Qxb5+ 29. Kf2 a5 30. a4 Qb4 31. Re3 Qd2+ 32. Re2 Qd4+ 33.
Kg3 Qd3 34. Rb2 Qc3 35. Rb1 Qc2 0-1

[Event "Live Chess"]
[Site "Chess.com"]
[Date "2024.06.01"]
[Round "-"]
[White "dhairyapandyauk"]
[Black "WelshTiger"]
[Result "0-1"]
[WhiteElo "1731"]
[BlackElo "2536"]
[TimeControl "300"]
[EndTime "11:03:00 PDT"]
[Termination "WelshTiger won by resignation"]

1. e4 c5 2. c3 g6 3. d3 Bg7 4.
f4 e6 5. Nf3 d5 6. Be2 Nc6 7.
Be3 d4 8. Bf2 Nge7 9. Qc2 b6 10.
a4 Bb7 11. a5 Nxa5 12. cxd4 cxd4 13. Nbd2 O-O 14. O-O Nac6 15. Qa4 a5 16. Rfc1 Nb4 17. Nb3 Ba6 18. Nbxd4 Bxd3 19. Bxd3 Nxd3 20. Rc3 Nxf2 21. Kxf2 Qb8 22. g3 Rd8 23. Rd1 Qb7 24. Ke3 Rac8 25. Rcd3 f5 26. Nxe6 Rxd3+ 27. Rxd3 fxe4 28. Qxe4 Nf5+ 29. Kf2 Qxe4 0-1

[Event "Live Chess"]
[Site "Chess.com"]
[Date "2024.06.01"]
[Round "-"]
[White "chessfiction"]
[Black "IanCalvert2"]
[Result "1-0"]
[WhiteElo "2411"]
[BlackElo "1447"]
[TimeControl "300"]
[EndTime "11:03:10 PDT"]
[Termination "chessfiction won by resignation"]

1. e4 d5 2. exd5 Qxd5 3. d4 e5 4. Nc3 Bb4 5. Nf3 Nc6 6. Be3 Bg4 7. Be2 O-O-O 8. dxe5 Qxd1+ 9. Rxd1 Rxd1+ 10. Bxd1 Bxf3 11. Bxf3 Nxe5 12. Be2 Nf6 13. O-O Rd8 14. h3 Nd5 15. Nxd5 Rxd5 16. f4 Nc6 17. Bf3 Ra5 18. a3 Bc5 19.
Bxc5 Rxc5 20. c3 Rf5 21. Bg4 1-0

[Event "Live Chess"]
[Site "Chess.com"]
[Date "2024.06.01"]
[Round "-"]
[White "TC2304"]
[Black "vincents82"]
[Result "1-0"]
[WhiteElo "2351"]
[BlackElo "2146"]
[TimeControl "300"]
[EndTime "11:03:20 PDT"]
[Termination "TC2304 won by resignation"]

1. e4 d5 2. Nc3 dxe4 3. Nxe4 Nd7 4. d4 Ngf6 5. Nxf6+ Nxf6 6. Nf3 e6 7. c3 c5 8. Ne5 Be7 9. Bb5+ Bd7 10. Nxd7 Nxd7 11.
Qa4 a6 12. Bxd7+ Qxd7 13. Qxd7+ Kxd7 14. Be3 cxd4 15. Bxd4 f6 16. O-O-O Kc6 17. b4 e5 18. Be3 b5 19. Kc2 Rad8 20. Kb3 f5 21. f3 Rxd1 22.
Rxd1 Rd8 23. Rxd8 Bxd8 24. a4 h6 25. Bc5 e4 26. fxe4 fxe4 27. axb5+ axb5 28. c4 Bg5 29. cxb5+ Kxb5 30. Kc3 Bf6+ 31. Bd4 Be7 32. Bxg7 h5 33. Kd4 Bxb4 34. Kxe4 Kc6 35. Kf5 Be7 36. Bf6 Bd6 37. h3 Kd7 38. Kg5 Ke6 39. Bc3 Be7+ 40. Kxh5 Kf5 41.
g4+ Ke6 42. Kg6 1-0

[Event "Live Chess"]
[Site "Chess.com"]
[Date "2024.06.01"]
[Round "-"]
[White "RuslanChessN"]
[Black "Cruiseylee78"]
[Result "0-1"]
[WhiteElo "1915"]
[BlackElo "1690"]
[TimeControl "300"]
[EndTime "11:03:22 PDT"]
[Termination "Cruiseylee78 won on time"]

1. d4 d6 2. c4 Nd7 3. Nc3 e5 4. e3 h6 5. f4 Ngf6 6. Qc2 Be7 7.
Nf3 c6 8. h3 Qc7 9. e4 exd4 10.
Nxd4 Nf8 11. Be2 Qb6 12. Be3 c5 13. Nf3 Be6 14. O-O Rg8 15. Rad1 N6d7 16. a3 g5 17. b4 gxf4 18. Bf2 Bxh3 19. Nd5 Rxg2+ 20. Kh1 Qd8 21. e5 dxe5 22. Qe4 Nf6 23. Nxf6+ Bxf6 24. Rxd8+ Rxd8 25. Nxe5 Ne6 26. Bh5 Bxe5 27. Qxe5 Rg5 28. Qh8+ Ke7 29. Bxc5+ Rxc5 30. Qxh6 Rxh5 31. Qxh5 Bxf1 32.
Qh4+ Ke8 33. Qh8+ Kd7 34. Qe5 Bxc4 0-1

[Event "Live Chess"]
[Site "Chess.com"]
[Date "2024.06.01"]
[Round "-"]
[White "Brooms1989"]
[Black "Bunny55"]
[Result "1-0"]
[WhiteElo "1069"]
[BlackElo "1161"]
[TimeControl "300"]
[EndTime "11:03:33 PDT"]
[Termination "Brooms1989 won by checkmate"]

1. e4 c5 2. Be2 d6 3. f4 g6 4.
Nf3 Bg7 5. d3 e6 6. O-O Ne7 7.
Qe1 O-O 8. Be3 f5 9. Qh4 Nec6 10.
Qxd8 Rxd8 11. c3 Ne7 12. exf5 Nxf5 13. Bf2 Nc6 14. Nbd2 Bd7 15. Ne4 Be8 16. Rad1 Bf8 17.
g4 Nh6 18. g5 Nf5 19. h4 d5 20. Nxc5 Bxc5 21. Bxc5 d4 22. cxd4 Ncxd4 23. Nxd4 Nxd4 24. Bxd4 Rxd4 25. Rc1 Bc6 26. Rfd1 Rxf4 27. Kh2 Rxh4+ 28.
Kg3 Rd4 29. Rf1 Kg7 30. Rf6 Bd5 31. Rc7+ Kg8 32. Rff7 e5 33. Rg7+ Kf8 34. Rxh7 Re8 35. Bf3 e4 36. Bxe4 Bxe4 37. Rh8# 1-0

[Event "Live Chess"]
[Site "Chess.com"]
[Date "2024.06.01"]
[Round "-"]
[White "rakibsachchu"]
[Black "LL220284LL"]
[Result "0-1"]
[WhiteElo "1579"]
[BlackElo "2583"]
[TimeControl "300"]
[EndTime "11:03:44 PDT"]
[Termination "LL220284LL won by resignation"]

1. e4 c6 2. d4 g6 3. Nc3 Bg7 4. f4 d6 5. Nf3 Nf6 6. e5 Nd5 7.
Ne4 Bf5 8. Ng3 Bg4 9. h3 Bxf3 10. Qxf3 Qb6 11. c3 Nd7 12. f5 dxe5 13. dxe5 Nxe5 14. Qe4 O-O 15. Bc4 Nxc4 16. Qxc4 Rad8 17. fxg6 hxg6 18. b4 Nxc3 0-1

[Event "Live Chess"]
[Site "Chess.com"]
[Date "2024.06.01"]
[Round "-"]
[White "ossie57"]
[Black "Colm_Buckley"]
[Result "1/2-1/2"]
[WhiteElo "1641"]
[BlackElo "1787"]
[TimeControl "300"]
[EndTime "11:03:50 PDT"]
[Termination "Game drawn by stalemate"]

1. d4 e6 2. Nc3 Nf6 3. Bf4 a6 4.
e4 d5 5. e5 Nfd7 6. Qf3 c5 7.
O-O-O Nc6 8. dxc5 Ncxe5 9. Bxe5 Nxe5 10. Qg3 Ng6 11. h4 Qf6 12. Nf3 Qf4+ 13. Qxf4 Nxf4 14. Na4 Bd7 15. Nb6 Rb8 16. g3 Ng6 17. b4 Be7 18. c4 Bc6 19. h5 Nf8 20. cxd5 exd5 21. Nd4 a5 22. a3 axb4 23. axb4 Nd7 24. b5 Bxc5 25. bxc6 Nxb6 26. Re1+ Kd8 27. Nb5 bxc6 28. Nc3 Bxf2 29. Re2 Bxg3 30. Rg1 Bf4+ 31. Kc2 Nc4 32.
Rxg7 Rb2+ 33. Kd3 Rxe2 34. Nxe2 Ne5+ 35. Kc2 Bh6 36. Rg3 Ke7 37. Nd4 Kf6 38. Be2 c5 39. Nb5 Rb8 40. Rg1 c4 41. Rf1+ Ke7 42. Nd4 Bg5 43. Rf5 f6 44. Rxe5+ fxe5 45. Nc6+ Kd6 46. Nxb8 Kc7 47. Na6+ Kb6 48. Nb4 Kc5 49. Na2 d4 50. Nc1 d3+ 51. Nxd3+ cxd3+ 52. Bxd3 h6 53. Bg6 Kd4 54.
Kd1 Ke3 55. Ke1 Bf4 56. Kf1 Bg3 57. Kg1 Be1 58. Kh1 e4 59. Kg1 Kf3 60. Bxe4+ Kxe4 61. Kh1 Kf3 62. Kh2 Kg4 63. Kh1 Bc3 64. Kh2 Be5+ 65.
Kh1 Kxh5 66. Kg2 Kh4 67. Kh1 Kh3 68. Kg1 Bf6 69. Kh1 h5 70. Kg1 h4 71. Kh1 Kg3 72. Kg1 Kf3 73. Kh1 Be5 74. Kg1 h3 75. Kh1 h2 1/2-1/2

[Event "Live Chess"]
[Site "Chess.com"]
[Date "2024.06.01"]
[Round "-"]
[White "Dhaydon19"]
[Black "SavagePawn7"]
[Result "1-0"]
[WhiteElo "2677"]
[BlackElo "684"]
[TimeControl "300"]
[EndTime "11:04:01 PDT"]
[Termination "Dhaydon19 won by checkmate"]

1. d4 e5 2. dxe5 d6 3. Nf3 dxe5 4. Qxd8+ Kxd8 5. Nxe5 Be6 6. e3 Bd6 7. Nf3 Nc6 8. c3 Nf6 9. Be2 Ne5 10. Nxe5 Bxe5 11.
Nd2 Ke7 12. Nf3 Bd6 13. Nd4 Rad8 14. Nxe6 Kxe6 15. O-O Ne4 16. f3 Nf6 17. e4 h5 18.
Be3 Nd7 19. Bc4+ Ke7 20. b4 f6 21. Rad1 g5 22. Bb3 g4 23. f4 Rh7 24. a3 Rg7 25.
c4 h4 26. c5 Bxc5 27. bxc5 Nxc5 28. Bxc5+ Ke8 29. Rxd8+ Kxd8 30. Rd1+ Kc8 31. Be6+ Kb8 32. Rd8# 1-0

[Event "Live Chess"]
[Site "Chess.com"]
[Date "2024.06.01"]
[Round "-"]
[White "WilliamofOrange16th"]
[Black "MellowAesthetic"]
[Result "0-1"]
[WhiteElo "1943"]
[BlackElo "2065"]
[TimeControl "300"]
[EndTime "11:04:19 PDT"]
[Termination "MellowAesthetic won by resignation"]

1. b3 e5 2. Bb2 Nc6 3. e3 Nf6 4. Bb5 Bd6 5. Na3 Be7 6. Nf3 e4 7. Nd4 Nxd4 8. Bxd4 Bxa3 9. f3 c6 10. Be2 d5 11. fxe4 Nxe4 12. O-O O-O 13. d3 Ng5 14. h4 Ne6 15. Bc3 Qxh4 16. Bg4 Bd6 0-1

[Event "Live Chess"]
[Site "Chess.com"]
[Date "2024.06.01"]
[Round "-"]
[White "ProfPoisson"]
[Black "Mangoalo"]
[Result "1-0"]
[WhiteElo "1239"]
[BlackElo "1009"]
[TimeControl "300"]
[EndTime "11:04:33 PDT"]
[Termination "ProfPoisson won by checkmate"]

1. e4 c6 2. d4 d5 3. exd5 cxd5 4. c4 dxc4 5. Bxc4 Nf6 6. Qb3 e6 7. Nf3 b6 8. O-O Nc6 9. d5 Nxd5 10. Re1 Bb4 11.
Bxd5 Bxe1 12. Bxc6+ Bd7 13. Bxa8 Bxf2+ 14. Kxf2 Qxa8 15.
Be3 Bc6 16. Nbd2 O-O 17. Rc1 Bxf3 18. Nxf3 Rd8 19. Qc3 Qd5 20. Qc8 h6 21. Qc4 Qd7 22.
Ne5 Qe7 23. Nc6 Qf6+ 24. Qf4 Qxb2+ 25. Kf3 Rd5 26. Ne7+ Kf8 27. Nxd5 exd5 28. Rc8+ Ke7 29. Qc7+ Kf6 30. Qf4+ Ke7 31. Rc7+ Ke6 32. Rc6+ Ke7 33.
Qd6+ Ke8 34. Rc8# 1-0

[Event "Live Chess"]
[Site "Chess.com"]
[Date "2024.06.01"]
[Round "-"]
[White "SimonB4a"]
[Black "febray_27"]
[Result "1-0"]
[WhiteElo "2164"]
[BlackElo "1986"]
[TimeControl "300"]
[EndTime "11:04:40 PDT"]
[Termination "SimonB4a won by resignation"]

1. d4 Nf6 2. c4 g6 3. Nc3 Bg7 4. e4 d6 5. f4 O-O 6. Nf3 Bg4 7. Be2 Nc6 8. d5 Nb4 9. O-O a5 10. a3 Na6 11. Be3 b6 12. Nd4 Nc5 13. Bxg4 Nxg4 14. Qxg4 e5 15. dxe6 fxe6 16. Nxe6 Nxe6 17. Qxe6+ Kh8 18.
Rad1 Re8 19. Qh3 Bxc3 20. bxc3 Rxe4 21. f5 1-0

[Event "Live Chess"]
[Site "Chess.com"]
[Date "2024.06.01"]
[Round "-"]
[White "jimwad"]
[Black "MagnersCarlsberg2870"]
[Result "1-0"]
[WhiteElo "1252"]
[BlackElo "1892"]
[TimeControl "300"]
[EndTime "11:04:49 PDT"]
[Termination "jimwad won by checkmate"]

1. d4 Nf6 2. c4 e5 3. dxe5 Ng4 4. Bf4 Nc6 5. e3 f6 6. Qxg4 fxe5 7. Bg3 Bb4+ 8. Nc3 O-O 9. Qe2 d5 10. cxd5 Qxd5 11. Rd1 Qxa2 12. Qc2 Bf5 13. Bd3 Bxd3 14. Rxd3 e4 15. Rd1 Rad8 16. Ne2 Rxd1+ 17. Qxd1 Qxb2 18. Qd2 Qa1+ 19. Qd1 Bxc3+ 20. Nxc3 Qxc3+ 21. Ke2 Rd8 22. Qc1 Qb3 23. Bxc7 Rd7 24. Bf4 Qd3+ 25. Ke1 h6 26. f3 Nb4 27. Kf2 Rd8 28. Kg3 a5 29. Qc7 Nd5 30.
Qxd8+ Kh7 31. Qxa5 Nxf4 32. Kxf4 exf3 33. Qf5+ Qxf5+ 34. Kxf5 fxg2 35. Rg1 g6+ 36. Kf6 h5 37. Rxg2 b5 38. Rxg6 b4 39. Rg5 h4 40. Rb5 h3 41.
Rxb4 Kh6 42. Rh4# 1-0

[Event "Live Chess"]
[Site "Chess.com"]
[Date "2024.06.01"]
[Round "-"]
[White "WelshTiger"]
[Black "sebmoran1"]
[Result "1-0"]
[WhiteElo "2536"]
[BlackElo "1380"]
[TimeControl "300"]
[EndTime "11:04:54 PDT"]
[Termination "WelshTiger won by resignation"]

1. e4 c5 2. Nf3 Nc6 3. Bb5 g6 4. O-O Bg7 5. c3 Nf6 6. Qa4 O-O 7. d4 cxd4 8. cxd4 Nxe4 9. d5 a6 10. dxc6 axb5 11. Qxa8 bxc6 12. Qa3 Nd6 13. Qd3 Qb6 14. Nc3 Nc4 15. b3 Na5 16. Be3 Qb8 17. Bd4 1-0

[Event "Live Chess"]
[Site "Chess.com"]
[Date "2024.06.01"]
[Round "-"]
[White "updatedopenings2024"]
[Black "McFim"]
[Result "1-0"]
[WhiteElo "1915"]
[BlackElo "1578"]
[TimeControl "300"]
[EndTime "11:04:58 PDT"]
[Termination "updatedopenings2024 won on time"]

1. Nf3 d5 2. g3 Nf6 3. Bg2 c6 4.
O-O e6 5. d3 Be7 6. Nbd2 O-O 7.
Re1 Nbd7 8. e4 dxe4 9. dxe4 e5 10. c3 Bd6 11. Qc2 h6 12. b3 Qe7 13. Nc4 Bc7 14. Ba3 c5 15. Rad1 b5 16. Ne3 a5 17. Nf5 Qe6 18.
Bh3 Kh8 19. Bf1 b4 20. Bb2 Re8 21. Bc4 Qc6 22. Bxf7 Bb7 23. Bxe8 Rxe8 24. Nd2 Nb6 25. c4 Nc8 26. Ne3 Ne7 27. Nd5 Bb8 28. Nf3 Ng6 29. h4 h5 30. Ng5 Bc8 31. f3 Kg8 32. Kg2 Kh8 33. Bc1 Kg8 34. Be3 Bd6 35. Qf2 Nd7 36.
Qd2 Bf8 37. Bg1 1-0

[Event "Live Chess"]
[Site "Chess.com"]
[Date "2024.06.01"]
[Round "-"]
[White "bill77678"]
[Black "koekoekoe"]
[Result "0-1"]
[WhiteElo "1834"]
[BlackElo "2109"]
[TimeControl "300"]
[EndTime "11:04:59 PDT"]
[Termination "koekoekoe won on time"]

1. e4 d5 2. exd5 Qxd5 3. Nc3 Qa5 4. g3 Nf6 5. Bg2 Bf5 6. Nf3 e6 7. O-O c6 8. a3 Bd6 9. b4 Qc7 10. b5 O-O 11. Rb1 a6 12. Nd4 Bg6 13. a4 Nd5 14.
Ne4 Be5 15. Nb3 Nf6 16. Nxf6+ Bxf6 17. d3 cxb5 18. axb5 axb5 19. Bf4 e5 20. Be3 Nd7 21. Qe2 Ra2 22. Rfc1 Rc8 23. h4 h6 24. h5 Bh7 25.
Ra1 Rxc2 26. Rxc2 Qxc2 27. Qxc2 Rxc2 28. Ra8+ Nf8 29. Bc5 Bxd3 30. Rxf8+ Kh7 31. Rxf7 Kg8 32. Bd5 Kh7 33. Rxb7 Bf5 34. Be3 Bg5 35. Bxg5 hxg5 36. Kg2 Rc3 37. Nd2 Rd3 38. Ne4 Rxd5 0-1

[Event "Live Chess"]
[Site "Chess.com"]
[Date "2024.06.01"]
[Round "-"]
[White "KeithArkell"]
[Black "Crowded_House"]
[Result "1-0"]
[WhiteElo "2518"]
[BlackElo "1766"]
[TimeControl "300"]
[EndTime "11:05:09 PDT"]
[Termination "KeithArkell won by resignation"]

1. d4 e6 2. Nf3 d5 3. c4 c6 4.
cxd5 exd5 5. Nc3 Nf6 6. Qc2 Bd6 7. Bg5 Nbd7 8. e3 O-O 9. Bd3 Re8 10. Bxh7+ Kh8 11. Bf5 g6 12. Bxg6 fxg6 13. Qxg6 Be7 14. h4 Rg8 15. Qh6+ Nh7 16. O-O-O Qf8 17. Qe6 Ndf6 18.
Qe5 Bd6 19. Bxf6+ Nxf6 20. Qg5 Rxg5 21. hxg5+ Kg7 22. gxf6+ Qxf6 23. Rh5 Bg4 24. Rg5+ Kf7 25. Rxg4 Rg8 26. Rxg8 Kxg8 27. Rh1 Qg6 28. Kd2 Qxg2 29. Rg1 Qxg1 30. Nxg1 Kf7 31. Kd3 Bb4 32. Nge2 Bd6 33. f3 b6 34. e4 dxe4+ 35. fxe4 Bh2 36. e5 Ke6 37. Ke4 b5 38. Nf4+ Bxf4 39. Kxf4 a5 40. Ke4 b4 41. Na4 1-0

[Event "Live Chess"]
[Site "Chess.com"]
[Date "2024.06.01"]
[Round "-"]
[White "Sokolik_UA"]
[Black "yarek"]
[Result "0-1"]
[WhiteElo "804"]
[BlackElo "1718"]
[TimeControl "300"]
[EndTime "11:05:49 PDT"]
[Termination "yarek won by checkmate"]

1. e4 c5 2. d3 Nc6 3. f4 d5 4.
Nf3 d4 5. Ne5 Nxe5 6. fxe5 e6 7.
Be2 Be7 8. O-O Bd7 9. Na3 a6 10. Nc4 Qc7 11. a4 b6 12. Bf4 h6 13. Nd6+ Bxd6 14.
exd6 Qb7 15. Bf3 Bc6 16. b3 Nf6 17. Be5 Kd7 18. c3 dxc3 19. Qc2 Ne8 20. Qxc3 f6 21.
Bg3 Nxd6 22. Bxd6 Kxd6 23. d4 Bxe4 24. dxc5+ bxc5 25. Qd2+ Ke7 26. Rad1 Rhd8 27. Qe2 Bxf3 28. Qxf3 Qxf3 29. gxf3 Rd4 30. Rxd4 cxd4 31. Rd1 e5 32. b4 Rb8 33. b5 axb5 34. axb5 Rxb5 35. Re1 Rb2 36.
f4 Kd6 37. fxe5+ fxe5 38. Rf1 d3 39. Rf7 d2 40. Rf2 d1=Q+ 41. Kg2 Qg4+ 42. Kf1 Rxf2+ 43. Kxf2 e4 44. h3 Qf3+ 45. Ke1 e3 46. h4 Qf2+ 47.
Kd1 Qd2# 0-1

[Event "Live Chess"]
[Site "Chess.com"]
[Date "2024.06.01"]
[Round "-"]
[White "blunderabit"]
[Black "Andorranarmy"]
[Result "0-1"]
[WhiteElo "1795"]
[BlackElo "1965"]
[TimeControl "300"]
[EndTime "11:05:55 PDT"]
[Termination "Andorranarmy won on time"]

1. e4 d5 2. exd5 Qxd5 3. Nc3 Qa5 4. d3 Nf6 5. Bd2 c6 6. Qe2 Bf5 7. O-O-O Nbd7 8. h3 O-O-O 9. g4 Bg6 10. f4 h6 11. f5 Bh7 12. Bg2 g6 13. Kb1 gxf5 14. gxf5 Bxf5 15. Nf3 e6 16. Nd4 Bg6 17. Rhf1 Qb6 18.
Nxe6 fxe6 19. Qxe6 Bg7 20. Qe7 Nh5 21. Qd6 Ne5 22.
Qe6+ Kb8 23. Be3 Qa5 24. d4 Rhe8 25. Qb3 Bf7 26. d5 Bxd5 0-1

[Event "Live Chess"]
[Site "Chess.com"]
[Date "2024.06.01"]
[Round "-"]
[White "willc-h99"]
[Black "NottheBishopSacrifice"]
[Result "0-1"]
[WhiteElo "2631"]
[BlackElo "2263"]
[TimeControl "300"]
[EndTime "11:06:05 PDT"]
[Termination "NottheBishopSacrifice won by resignation"]

1. d4 d5 2. Nf3 Nf6 3. e3 c5 4. c3 cxd4 5. exd4 Nc6 6. Bd3 Bg4 7. O-O e6 8. Re1 Bd6 9. h3 Bh5 10. g4 Bg6 11. Ne5 Bxe5 12. dxe5 Nd7 13. f4 Bxd3 14.
Qxd3 h5 15. Qg3 hxg4 16. hxg4 Qb6+ 17. Kg2 O-O-O 18. Be3 Qxb2+ 19. Nd2 Qxc3 20. Rec1 Qd3 21. Rab1 Qe2+ 22. Kg1 Nb6 23. Re1 Qd3 24. Nb3 d4 25. Nc5 Qc4 26. Ne4 Qd5 27. Bf2 Kb8 28. a4 Nxa4 29.
Qg2 Nc3 30. Nxc3 Qxg2+ 31. Kxg2 dxc3 32. Rec1 Rd3 33. Rb3 Rhd8 34. Rbxc3 Rxc3 35. Rxc3 a5 36. Rh3 a4 37. Bc5 b5 38. Bd6+ Kb7 39. Rh7 Rd7 40. Rxg7 b4 41. g5 Kc8 42. Rg8+ Rd8 43. Rg7 Rd7 44. g6 fxg6 45. Rxg6 a3 46. Kf3 a2 47. Rg1 Nd4+ 48. Ke4 Nc2 49. Rc1 a1=Q 50. Rxc2+ Kb7 51. Re2 b3 0-1

[Event "Live Chess"]
[Site "Chess.com"]
[Date "2024.06.01"]
[Round "-"]
[White "Ferrarifan27"]
[Black "sugandhasinha"]
[Result "0-1"]
[WhiteElo "2059"]
[BlackElo "1147"]
[TimeControl "300"]
[EndTime "11:06:09 PDT"]
[Termination "sugandhasinha won by checkmate"]

1. e4 c5 2. Nf3 g6 3. d4 cxd4 4.
Nxd4 Bg7 5. Nc3 d6 6. Be3 Nf6 7. f3 Nc6 8. Qd2 O-O 9. O-O-O a6 10. h4 Bd7 11. g4 b5 12. a3 b4 13. axb4 Nxb4 14.
h5 Rc8 15. hxg6 fxg6 16. Qh2 Rxc3 17. bxc3 Na2+ 18. Kd2 Qa5 19. Bc4+ Kh8 20. Bxa2 Qxa2 21. Ra1 Qc4 22. Bg5 Qg8 23. Rxa6 Bxg4 24. Bxf6 Bxf6 25. fxg4 Bg5+ 26. Kd3 Rc8 27. Ne6 h6 28. Nd4 Qc4# 0-1

[Event "Live Chess"]
[Site "Chess.com"]
[Date "2024.06.01"]
[Round "-"]
[White "GoldsmanB"]
[Black "resipsa6"]
[Result "1/2-1/2"]
[WhiteElo "1052"]
[BlackElo "2028"]
[TimeControl "300"]
[EndTime "11:06:24 PDT"]
[Termination "Game drawn by repetition"]

1. d4 e6 2. Bf4 Nf6 3. e3 d5 4.
Nf3 Bd6 5. Bg3 Bxg3 6. hxg3 c6 7.
c3 Nbd7 8. Nbd2 Nb6 9. Bd3 Bd7 10. Qb3 h6 11. O-O-O a5 12. c4 dxc4 13. Nxc4 Nxc4 14. Bxc4 a4 15. Qc2 b5 16. Be2 a3 17. b3 Nd5 18.
e4 Nb4 19. Qc5 Nxa2+ 20. Kb1 Qe7 21. Qxe7+ Kxe7 22. Kxa2 b4 23. Ne5 Rhb8 24. Nxd7 Kxd7 25. Rc1 Rc8 26. Rh4 Ra5 27. Rf4 f6 28. f3 c5 29.
dxc5 Raxc5 30. Rxc5 Rxc5 31. Bc4 Ke7 32. Rh4 f5 33.
exf5 Rxf5 34. Rf4 Re5 35. Re4 Rh5 36. Rh4 Re5 37. Re4 Rh5 38. Rh4 Re5 39. Re4 1/2-1/2